 Dungeon Crawl Stone Soup version 0.19-a0-1704-gbd66c22 (webtiles) character file.

1677 qqqbard the Quickloader (level 8, 0/66 HPs)
             Began as a Centaur Hunter on Sept 27, 2016.
             Slain by Prince Ribbit (10 damage)
             ... on level 6 of the Dungeon.
             The game lasted 00:11:27 (6023 turns).

qqqbard the Quickloader (Centaur Hunter)            Turns: 6023, Time: 00:11:28

Health: 0/66       AC: 14    Str: 14    XL:     8   Next: 70%
Magic:  8/8        EV: -2    Int: 10    God:
Gold:   307        SH: 14    Dex: 13    Spells: 0 memorised, 7 levels left

rFire  . . .     SeeInvis .     K - +2 flail (holy)
rCold  . . .     Gourm    .     A - +0 plate armour
rNeg   . . .     Faith    .     t - +2 large shield
rPois  .         Spirit   .     (no helmet)
rElec  .         Dismiss  .     n - +0 cloak
rCorr  .         Reflect  .     Q - +2 pair of gloves
MR     .....     Harm     .     (no barding)
Stlth  ..........               (no amulet)
                                (no ring)
                                (no ring)

@: drained, very quick
A: hooves 3, deformed body, speed 2, tough skin 3
a: no special abilities


You were on level 6 of the Dungeon.
You were not hungry.

You visited 1 branch of the dungeon, and saw 6 of its levels.

You collected 307 gold pieces.

Inventory:

Hand Weapons
 a - a +1 hand crossbow
 c - a +0 morningstar
 r - a +2 whip of venom
 K - a +2 flail of holy wrath (weapon)
Missiles
 d - 97 bolts
Armour
 n - a +0 cloak (worn)
 t - a +2 large shield (worn)
 A - a +0 plate armour (worn)
 Q - a +2 pair of gloves (worn)
Jewellery
 u - an uncursed amulet of rage {unknown}
 J - an uncursed ring of ice {unknown}
 M - a +4 ring of slaying {unknown}
 P - an uncursed ring of magical power {unknown}
Wands
 z - a wand of lightning (5/15)
 H - a wand of lightning (10/15)
 I - a wand of disintegration (18/24)
Scrolls
 g - 5 scrolls of recharging {unknown}
 i - 2 scrolls of fog {unknown}
 k - 7 scrolls of identify {unknown}
 o - 2 scrolls of enchant armour {unknown}
 v - a scroll of enchant weapon {unknown}
 y - 3 scrolls of immolation {unknown}
 C - a scroll of amnesia {unknown}
 E - a scroll of magic mapping {unknown}
 L - a scroll of fear {unknown}
Potions
 e - a potion of haste {unknown}
 h - 2 potions of flight
 j - a potion of berserk rage {unknown}
 l - 4 potions of might
 p - a potion of lignification
 B - a potion of brilliance
 D - a potion of agility {unknown}
 F - a potion of resistance {unknown}
 G - a potion of heal wounds {unknown}
 N - a potion of beneficial mutation {unknown}
 O - a potion of curing
Books
 s - a book of Battle

   Spells                             Type                      Level
   a - Infusion                       Charms                       1
   b - Shroud of Golubria             Charms/Translocation         2
   c - Song of Slaying                Charms                       2
   d - Spectral Weapon                Hexes/Charms                 3
   e - Regeneration                   Charms/Necromancy            3
Comestibles
 f - 3 bread rations
 q - 3 meat rations
 w - a royal jelly


   Skills:
 + Level 3.7(3.3) Fighting
 * Level 5.2(4.7) Maces & Flails
 - Level 8.6(8.1) Crossbows
 + Level 2.6(2.2) Armour
 - Level 1.3(0.9) Dodging
 - Level 0.5(0.1) Stealth
 + Level 2.9(2.4) Shields


You had 7 spell levels left.
You didn't know any spells.

Dungeon Overview and Level Annotations

Branches:
Dungeon (6/15)
 Temple: D:4-7

Altars:
Uskayaw
Vehumet
Zin

Annotations:
D:6 Prince Ribbit


Innate Abilities, Weirdness & Mutations

You have hooves in place of feet.
Armour fits poorly on your strangely shaped body.
You cover ground very quickly.
You have extremely tough skin. (AC +3)


Message History

(D) Dungeon
Where to? (Enter - D:6, ? - help)
Okay, then.
Found a stone staircase leading down.
Prince Ribbit blinks!
You sock Prince Ribbit!
Prince Ribbit is lightly wounded.
Prince Ribbit hits you!
* * * LOW HITPOINT WARNING * * *
Prince Ribbit hits you but does no damage.
Your shield prevents you from hitting Prince Ribbit.
Prince Ribbit is lightly wounded.
Prince Ribbit hits you.
* * * LOW HITPOINT WARNING * * *
You block Prince Ribbit's attack.
You feel better. You block Prince Ribbit's attack.
You see here 10 gold pieces.
You now have 307 gold pieces (gained 10).
Prince Ribbit hits you!
You die...

.......... #.. ... ...<....# #
.........< #####+### #[#.....# #
....##### #......###.#.....# #
+#...# ..#......#...#.....###
.'...+ ............#+#+#....
##...# # #.................
##...# #. #.................
.'...+ #.#...###...........
##...# #..@F.###...........
##...###. ##........#.........
.........# #...#....#.......).
###....... .....+...†........>.
..#....... ....>#...#..........
⌠.#######'#########...#..........
..# ...............#..........
..+ ................#..........
..# ..................#..........


You could see Prince Ribbit.

Vanquished Creatures
  Grinder (D:5)
  Sigmund (D:2)
  A phantom (D:4)
  An ogre (D:5)
  2 bullfrogs (D:6)
  A scorpion (D:4)
  4 wights (D:6)
  A howler monkey (D:4)
  2 crimson imps (D:5)
  5 orc priests
  A bullfrog zombie (D:6)
  A hound (D:4)
  A jelly (D:5)
  An orc wizard (D:4)
  3 iguanas (D:4)
  3 worker ants
  12 gnolls
  5 adders
  2 shadow imps (D:5)
  3 worms
  2 dart slugs (D:1)
  6 leopard geckos
  17 orcs
  2 ball pythons
  2 bats
  A giant cockroach (D:1)
  11 goblins
  11 hobgoblins
  2 jackals (D:3)
  2 quokkas (D:2)
  4 frilled lizards
  A jackal zombie (D:5)
  5 kobolds
  8 rats
125 creatures vanquished.

Notes
Turn   | Place    | Note
-------+----------+-------------------------------------------
     0 | D:1      | qqqbard the Centaur Hunter began the quest for the Orb.
     0 | D:1      | Reached XP level 1. HP: 17/17 MP: 1/1
     6 | D:1      | Noticed a polar bear
     6 | D:1      | Noticed a redback
     6 | D:1      | Noticed an anaconda
     7 | D:1      | Noticed a hound
     7 | D:1      | Noticed a komodo dragon
   151 | D:1      | Reached XP level 2. HP: 20/24 MP: 2/2
   228 | D:1      | Reached skill level 5 in Crossbows
   638 | D:1      | Reached XP level 3. HP: 29/29 MP: 3/3
   932 | D:2      | Found a faded altar of an unknown god.
   964 | D:2      | Noticed Sigmund
   977 | D:2      | Killed Sigmund
   977 | D:2      | Reached skill level 7 in Crossbows
   977 | D:2      | Reached XP level 4. HP: 3/36 MP: 4/4
   977 | D:2      | Reached XP level 5. HP: 4/41 MP: 5/5
  1802 | D:2      | Found a hide-covered altar of Uskayaw.
  1802 | D:2      | Found a glowing silver altar of Zin.
  1803 | D:2      | Found a radiant altar of Vehumet.
  1926 | D:2      | Reached XP level 6. HP: 25/48 MP: 6/6
  1940 | D:2      | Reached skill level 8 in Crossbows
  3205 | D:4      | Reached skill level 1 in Maces & Flails
  3246 | D:4      | HP: 1/72 [phantom (6)]
  3260 | D:4      | Reached skill level 1 in Shields
  3311 | D:4      | Reached skill level 1 in Armour
  3311 | D:4      | Reached XP level 7. HP: 15/55 MP: 7/7
  4210 | D:5      | Entered Level 5 of the Dungeon
  4790 | D:5      | Reached XP level 8. HP: 37/62 MP: 8/8
  5339 | D:5      | Noticed Grinder
  5343 | D:5      | Paralysed by Grinder for 6 turns
  5363 | D:5      | Killed Grinder
  5724 | D:6      | Reached skill level 5 in Maces & Flails
  6015 | D:6      | Noticed Prince Ribbit
  6019 | D:6      | HP: 3/66 [Prince Ribbit (10)]
  6020 | D:6      | HP: 1/66 [Prince Ribbit (2)]
  6023 | D:6      | Slain by Prince Ribbit

Vault maps used:
D:1:      onia_arrival_zoo_common, minivault_26
D:2:      gammafunk_temple_overflow_claw, ecumenical_altar_1, uniq_sigmund
D:4:      first_bread, corexii_leaking_fountain
D:5:      serial_bayou_pond_c, uniq_grinder
D:6:      serial_shops, nicolae_shop_stone, shop, minmay_fountain_box,
          grunt_decor_arrowhead, kennysheep_flooded_box,
          hangedman_abyss_or_decor_lesser_grid, uniq_prince_ribbit1

Skill      XL: |  1  2  3  4  5  6  7  8 |
---------------+-------------------------+-----
Crossbows      | 5 7 8 |  8.6
Maces & Flails | 1 3 5 |  5.2
Shields        | 1 2 |  2.9
Armour         | 1 2 |  2.6
Fighting       | 3 |  3.7
Dodging        | |  1.3
Stealth        | |  0.5

Action                   |  1- 3 |  4- 6 |  7- 9 || total
-------------------------+-------+-------+-------++-------
Melee: Short sword       |    40 |       |       ||    40
       Kick              |    16 |    31 |    61 ||   108
       Whip              |    34 |   172 |   225 ||   431
       Flail             |       |       |    40 ||    40
 Fire: Hand crossbow     |     8 |       |       ||     8
  Use: Potion            |       |     7 |     1 ||     8
 Stab: Invisible         |       |     2 |       ||     2
  Eat: Chunk             |       |     5 |     8 ||    13
Armor: Leather armour    |    22 |    48 |       ||    70
       Plate armour      |       |    24 |   123 ||   147
       Skin              |       |     1 |       ||     1
Dodge: Dodged            |    27 |    55 |     9 ||    91
Block: Large shield      |       |    93 |   148 ||   241
